 Dungeon Crawl Stone Soup version 0.24-a0-347-g1a3e1d35ff (webtiles) character file.

Game seed: 10313517887788242335

3672 Geomchi the Nimble (level 9, -6/48 HPs)
             Began as a Deep Elf Fire Elementalist on May 23, 2019.
             Was an Initiate of Vehumet.
             Killed by divine providence
             ... invoked by an orc priest
              (16 damage)
             ... on level 7 of the Dungeon.
             The game lasted 00:12:52 (9799 turns).

Geomchi the Nimble (Deep Elf Fire Elementalist)     Turns: 9799, Time: 00:12:53

Health: -6/48      AC:  4    Str:  5    XL:     9   Next: 89%
Magic:  5/19       EV: 19    Int: 28    God:    Vehumet [......]
Gold:   293        SH:  6    Dex: 15    Spells: 6/19 levels left

rFire    + . .     SeeInvis .   k - +2 mace (protect)
rCold    . . .     Gourm    .   (no shield)
rNeg     . . .     Faith    .   a - +0 robe
rPois    .         Spirit   .   (no helmet)
rElec    .         Reflect  +   v - +0 cloak
rCorr    .         Harm     .   (no gloves)
MR       .....                  y - +0 pair of boots
Stlth    ++........             C - +6 amulet of reflection
HPRegen  0.16/turn              z - +4 ring of intelligence
MPRegen  0.16/turn              s - ring of protection from fire

@: about to teleport, marked
A: no striking features
a: Renounce Religion


You were on level 7 of the Dungeon.
You worshipped Vehumet.
Vehumet was noncommittal.
You were hungry.

You visited 2 branches of the dungeon, and saw 9 of its levels.

You collected 293 gold pieces.

Inventory:

Hand Weapons
 f - a +0 dagger
 h - a +0 short sword
 k - a +2 mace of protection (weapon)
Armour
 a - a +0 robe (worn)
 v - a +0 cloak (worn)
 y - a +0 pair of boots (worn)
Jewellery
 l - an uncursed amulet of harm
 s - a ring of protection from fire (right hand)
 z - a +4 ring of intelligence (left hand)
 A - an uncursed ring of ice
 C - a +6 amulet of reflection (around neck)
 J - a +5 ring of strength
Wands
 w - a wand of random effects (3)
Scrolls
 d - 5 scrolls of teleportation
 e - 2 scrolls of noise {unknown}
 g - 5 scrolls of remove curse {unknown}
 i - 13 scrolls of identify {unknown}
 m - 2 scrolls of random uselessness {unknown}
 p - a scroll of amnesia {unknown}
 q - a scroll of enchant weapon {unknown}
 t - 2 scrolls of magic mapping {unknown}
 u - 2 scrolls of blinking {unknown}
 x - a scroll of enchant armour {unknown}
 B - a scroll of immolation {unknown}
 F - a scroll of fear {unknown}
 G - a scroll of fog {unknown}
Potions
 b - 2 potions of haste {unknown}
 j - a potion of berserk rage
 n - 2 potions of degeneration {unknown}
 o - 2 potions of ambrosia {unknown}
 r - a potion of resistance {unknown}
 D - a potion of brilliance {unknown}
 E - a potion of might {unknown}
 H - a potion of flight {unknown}
Comestibles
 c - 19 rations
 I - 4 chunks of flesh {@w0}


   Skills:
 * Level 1.9 Fighting
 + Level 9.6 Dodging
 - Level 2.4 Stealth
 + Level 5.9 Spellcasting
 + Level 8.6 Conjurations
 - Level 9.0 Fire Magic


You had 6 spell levels left.
You knew the following spells:

 Your Spells              Type           Power        Failure   Level  Hunger
a - Flame Tongue          Conj/Fire      #####        1%          1    None
b - Conjure Flame         Conj/Fire      ######..     1%          3    None
c - Sticky Flame          Conj/Fire      ######..     1%          4    ###....
f - Fireball              Conj/Fire      ######....   4%          5    #####..

Your spell library contained the following spells:

 Spells                   Type           Power        Failure   Level  Hunger
 Throw Flame              Conj/Fire      ######       1%          2    None
 Inner Flame              Hex/Fire       ####....     2%          3    None


Dungeon Overview and Level Annotations

Branches:
Dungeon (8/15)             Temple (1/1) D:7
   Lair: D:8-11

Altars:
Ashenzari
Cheibriados
Dithmenos
Elyvilon
Fedhas
Gozag
Hepliaklqana
Kikubaaqudgha
Makhleb
Nemelex Xobeh
Okawaru
Qazlal
Ru
Sif Muna
Trog
Uskayaw
Vehumet
Wu Jian
Xom
Yredelemnul
Zin
The Shining One
Lugonu

Shops:
D:6 [

Annotations:
D:8 Harold


Message History

You block the orc's attack.
You take 1 damage, and have 18/48 hp.
You now have 3/19 mp.
The orc priest casts a cantrip, but nothing happens.
The orc priest casts a cantrip, but nothing happens.
The orc priest miscasts a cantrip.
The orc priest begins to cast a cantrip, but forgets the words!
Aim: an orc, wielding a +0 falchion and wearing a +0 scale mail (heavily wounded)
Okay, then.
Aim: an ogre, wielding a +0 giant club (moderately wounded)
Okay, then.
As you read the scroll of teleportation, it crumbles to dust.
You feel strangely unstable. You block the ogre's attack.
The orc priest calls down the wrath of Beogh upon you.
Beogh smites you!
* * * LOW HITPOINT WARNING * * *
You block the orc's attack.
You take 10 damage, and have 10/48 hp.
MASSIVE DAMAGE!!
The orc priest calls down the wrath of Beogh upon you.
Beogh smites you!
You die...

####### # #.....# #
#.....# # #..@..# #
#..O..# # #...o.####### #
#...........# #
#...........# #
#########...........# ##
######.......######.o....#
#.
....#.........#...#......#
#.
....#.........#...#......#
#.


You could see an ogre, an orc priest and an orc.

Vanquished Creatures
  Pikel (D:7)
  Grinder (D:5)
  Eustachio (D:6)
  Duvessa (D:7)
  A slave (D:7)
  2 orc warriors
  A sky beast (D:6)
  3 phantoms
  3 ice beasts
  A centaur (D:6)
  2 big kobolds
  3 bullfrogs
  Dowan (D:7)
  9 wights (D:7)
  2 howler monkeys
  A crimson imp (D:7)
  A centaur zombie (D:6)
  3 orc priests
  A gnoll shaman (D:7)
  7 orc wizards
  A centaur skeleton (D:3)
  4 hounds
  4 bullfrog skeletons
  6 worker ants
  A killer bee zombie (D:5)
  A worker ant zombie (D:5)
  6 adders
  8 gnolls
  A shadow imp (D:7)
  An adder zombie (D:5)
  An adder skeleton (D:6)
  2 worms
  4 dart slugs
  6 leopard geckos
  25 orcs
  7 bats
  5 giant cockroaches
  8 goblins
  7 hobgoblins
  12 jackals
  3 quokkas
  4 ball pythons
  3 frilled lizards
  14 kobolds
  A quokka zombie (D:6)
  3 rats
183 creatures vanquished.

Vanquished Creatures (others)
  An orc (D:8)
1 creature vanquished.

Grand Total: 184 creatures vanquished

Notes
Turn   | Place    | Note
-------+----------+-------------------------------------------
     0 | D:1      | Geomchi the Deep Elf Fire Elementalist began the quest for
                  | the Orb.
     0 | D:1      | Reached XP level 1. HP: 10/10 MP: 6/6
   113 | D:1      | Reached XP level 2. HP: 15/15 MP: 6/8
  1053 | D:1      | Reached XP level 3. HP: 19/19 MP: 7/9
  1058 | D:1      | Learned a level 3 spell: Conjure Flame
  2044 | D:2      | Reached XP level 4. HP: 24/24 MP: 7/10
  2050 | D:2      | Learned a level 4 spell: Sticky Flame
  2605 | D:3      | Reached XP level 5. HP: 7/28 MP: 3/11
  3366 | D:3      | Found a stormy altar of Qazlal.
  3367 | D:3      | Found a shimmering altar of Xom.
  3482 | D:3      | Found a snail-covered altar of Cheibriados.
  3483 | D:3      | Found a glowing silver altar of Zin.
  3483 | D:3      | Found an ornate altar of the Wu Jian Council.
  3483 | D:3      | Found a sparkling altar of Nemelex Xobeh.
  3483 | D:3      | Found a white marble altar of Elyvilon.
  3484 | D:3      | Found a sacrificial altar of Ru.
  3485 | D:3      | Found an ancient bone altar of Kikubaaqudgha.
  3486 | D:3      | Found a shadowy altar of Dithmenos.
  3833 | D:4      | Reached skill level 5 in Fire Magic
  3838 | D:4      | Reached XP level 6. HP: 20/32 MP: 2/12
  4022 | D:4      | Reached skill level 5 in Dodging
  4566 | D:4      | Reached XP level 7. HP: 36/36 MP: 9/13
  4888 | D:5      | Entered Level 5 of the Dungeon
  4929 | D:5      | Found a hide-covered altar of Uskayaw.
  5201 | D:5      | Reached skill level 5 in Conjurations
  5458 | D:5      | Found a basalt altar of Yredelemnul.
  6158 | D:5      | Noticed Grinder
  6166 | D:5      | Killed Grinder
  6166 | D:5      | Reached XP level 8. HP: 36/41 MP: 4/14
  6173 | D:5      | Learned a level 5 spell: Fireball
  6531 | D:6      | You fall into a shaft and drop 2 floors!
  6873 | D:8      | Noticed Harold
  7116 | D:6      | Found a hazy altar of Hepliaklqana.
  7215 | D:6      | Noticed Eustachio
  7223 | D:5      | Found a deep blue altar of Sif Muna.
  7249 | D:6      | Killed Eustachio
  7279 | D:6      | Found Zietewui's Antique Armour Emporium.
  7631 | D:6      | Reached XP level 9. HP: 45/45 MP: 11/15
  7716 | D:6      | Found an iron altar of Okawaru.
  7833 | D:6      | Found a shadowy altar of Dithmenos.
  8870 | D:7      | Found a staircase to the Ecumenical Temple.
  8947 | Temple   | Entered the Ecumenical Temple
  8986 | Temple   | Became a worshipper of Vehumet
  9044 | D:7      | Reached skill level 5 in Spellcasting
  9252 | D:7      | Noticed Dowan
  9253 | D:7      | Noticed Duvessa
  9254 | D:7      | Killed Dowan
  9260 | D:7      | Killed Duvessa
  9444 | D:7      | Noticed Pikel
  9452 | D:7      | Killed Pikel
  9452 | D:7      | Reached skill level 1 in Fighting
  9781 | D:8      | Found a bloodstained altar of Trog.
  9799 | D:7      | Killed from afar by an orc priest

Levels and vault maps discovered:
D:1:      dpeg_arrival_orchard, layout_basic
D:2:      layout_basic, first_ration
D:3:      layout_basic, minitemple
D:4:      layout_rooms, serial_curves, eino_curves_01, eino_curves_01,
          saegor_snake_ambush
D:5:      lemuel_upstairs_altar, layout_gridville, kennysheep_mini_moat,
          old_standard_altar, uniq_grinder
D:6:      layout_basic, overflow_temple_1_default,
          lemuel_coloured_pillars_altar, serial_shops, shop, serial_glass,
          glass_columns_b, glass_columns_c, glass_columns_c, glass_columns_c,
          grunt_dithmenos_shadows, uniq_eustachio
D:7:      layout_gridville, minmay_temple_entry_poolview, uniq_pikel,
          uniq_duvessa
D:8:      layout_loops_cross, trog_ov_bears_minmay, uniq_harold
Temple:   corrupted_temple

Skill      XL: |  1  2  3  4  5  6  7  8  9 |
---------------+----------------------------+-----
Dodging        | 3 4 5 6 8 9 |  9.6
Conjurations   | 2 3 4 6 7 8 |  8.6
Fire Magic     | 4 5 6 8 9 |  9.0
Spellcasting   | 5 |  5.9
Fighting       | 1 |  1.9
Stealth        | |  2.4

Action                   |  1- 3 |  4- 6 |  7- 9 || total
-------------------------+-------+-------+-------++-------
Melee: Unarmed           |     3 |       |       ||     3
       Short sword       |       |     3 |    43 ||    46
       Mace              |       |       |    10 ||    10
 Cast: Flame Tongue      |    61 |   124 |   208 ||   393
       Conjure Flame     |     1 |     2 |       ||     3
       Sticky Flame      |       |     2 |    25 ||    27
       Fireball          |       |       |    11 ||    11
  Use: Potion            |       |       |     1 ||     1
       Scroll            |       |       |     2 ||     2
  Eat: Chunk             |     3 |     8 |    20 ||    31
       Ration            |       |       |     1 ||     1
Armor: Robe              |     2 |     3 |    18 ||    23
Dodge: Dodged            |    16 |    53 |   117 ||   186
Block: Other             |       |       |    39 ||    39
       Reflection        |       |       |     1 ||     1

Table legend:
 A = Non-vault XP
 B = Vault XP
 C = Vault XP percentage of total XP
 D = Non-vault monster count
 E = Vault monster count
 F = Vault count percentage of total count
                 A         B        C        D         E       F
            +---------+---------+-------+---------+---------+-------
      Total |    3843 |    1404 |  26.8 |     173 |       9 |   4.9
            +---------+---------+-------+---------+---------+-------
        D:1 |      42 |       0 |   0.0 |      22 |       0 |   0.0
        D:2 |      61 |       0 |   0.0 |      17 |       0 |   0.0
        D:3 |     212 |       0 |   0.0 |      31 |       0 |   0.0
        D:4 |     545 |       4 |   0.7 |      18 |       3 |  14.3
        D:5 |     382 |     281 |  42.4 |      15 |       1 |   6.2
        D:6 |     819 |     315 |  27.8 |      18 |       2 |  10.0
        D:7 |    1353 |     804 |  37.3 |      39 |       3 |   7.1
        D:8 |     429 |       0 |   0.0 |      13 |       0 |   0.0
            +---------+---------+-------+---------+---------+-------
